 Dungeon Crawl Stone Soup version 0.32-a0-909-gc671339a80 (webtiles) character file.

Game seed: 863437904471759608

9851 Goblin1989 the Cleaver (level 11, -1/87 HPs)
             Began as a Demonspawn Cinder Acolyte on Apr 6, 2024.
             Was a High Priest of Ignis.
             Slain by an ogre mage
             ... wielding a +0 halberd
              (3 damage)
             ... while paralysed by an ogre mage
             ... on level 9 of the Dungeon.
             The game lasted 00:18:23 (8286 turns).

Goblin1989 the Cleaver (Demonspawn Cinder Acolyte)  Turns: 8286, Time: 00:18:23

Health: -1/87      AC: 18    Str: 18    XL:     11   Next: 28%
Magic:  0/12       EV:  2    Int: 15    God:    Ignis [*****.]
Gold:   501        SH:  0    Dex:  9    Spells: 12/12 levels left

rFire   + + .        b - +1 broad axe (heavy)
rCold   . . .        l - +0 tower shield
rNeg    . . .        s - +0 plate armour
rPois   .            (helmet restricted)
rElec   .            (no cloak)
rCorr   .            B - +2 pair of gloves
SInv    .            (no boots)
Will    .....        i - amulet of guardian spirit Stlth
                     e - +4 ring of slaying
HPRegen 0.34/turn    p - ring of protection from fire
MPRegen 0.13/turn

%: clarity, guardian spirit
@: paralysed
A: molten scales 1, demonic guardian 2, powered by pain 1, weakness stinger 2,
antennae 1, clarity
a: Renounce Religion, Fiery Armour, Foxfire Swarm, Rising Flame


You were on level 9 of the Dungeon.
You worshipped Ignis.
Ignis was extremely pleased with you.
You visited 1 branch of the dungeon, and saw 9 of its levels.

You collected 501 gold pieces.

Inventory:

Hand Weapons
 a - a -1 hand axe of flaming
 b - a +1 heavy broad axe (weapon)
Missiles
 o - a throwing net (quivered) {!d , @Q1}
 D - 6 javelins {@Q3}
Armour
 l - a +0 tower shield (worn)
 s - a +0 plate armour (worn)
 B - a +2 pair of gloves (worn)
Jewellery
 e - a +4 ring of slaying (left hand)
 i - an amulet of guardian spirit (around neck)
 p - a ring of protection from fire (right hand)
 q - a ring of protection from cold
 v - a ring of positive energy
 y - a +5 ring of evasion
 H - a +6 ring of strength
Wands
 E - a wand of flame (24) {@v1}
 I - a wand of digging (5) {@v3}
Scrolls
 d - 2 scrolls of immolation
 f - a scroll of fog
 m - 4 scrolls of noise
 r - 5 scrolls of teleportation {!r, @r2}
 u - a scroll of silence
 w - 2 scrolls of vulnerability
 z - a scroll of blinking
 G - a scroll of enchant armour
Potions
 g - a potion of heal wounds {@q2}
 t - 2 potions of mutation {!q}
 F - 2 potions of curing {@q1}
 J - a potion of attraction {unknown}


   Skills:
 + Level 8.9 Fighting
 * Level 11.1 Axes
 + Level 7.4 Armour
 + Level 7.3 Shields
 - Level 1.0 Spellcasting
 - Level 2.6 Fire Magic
 - Level 2.0 Evocations


You had 12 spell levels left.
You didn't know any spells.
Your spell library contained the following spells:

 Spells                   Type           Power      Damage    Failure   Level
 Shock                    Conj/Air       0%         1d3       100%        1
 Cigotuvi's Dreadful Rot  Necr/Alch/Air  0%         N/A       100%        2
 Scorch                   Fire           16%        2d5       100%        2
 Inner Flame              Hex/Fire       4%         N/A       100%        3
 Swiftness                Air            0%         N/A       100%        3
 Airstrike                Air            0%         2d(0-16)  100%        4
 Flame Wave               Conj/Fire      4%         2d5       100%        4
 Ignite Poison            Fire/Alch      4%         N/A       100%        4
 Sticky Flame             Fire/Alch      4%         2d4       100%        4
 Freezing Cloud           Conj/Ice/Air   0%         6-21      100%        5


Dungeon Overview and Level Annotations

Branches:
Dungeon (9/15) Zot: 25754  Temple (0/1) D:7
   Lair: D:8-11         Orc: D:9-12

Altars:
Ashenzari
Dithmenos
Gozag
Vehumet

Annotations:
D:7 1 runed translucent door, Crazy Yiuf
D:9 5 runed translucent doors, 2 transporters, Shym's ghost, journeyman MfSu


Innate Abilities, Weirdness & Mutations

You are partially covered in molten scales. (AC +2)
A demonic guardian rushes to your aid.
You sometimes gain a little power by taking damage.
You have a tail ending in a sharp stinger.
You have a pair of small antennae on your head.
You possess an exceptional clarity of mind.


Message History

You see here 3 large rocks {!d, @Q4}.
A meliai comes into view.
The meliai buzzes angrily.
A meliai is nearby!
The meliai hits you but does no damage.
The meliai stings you but does no damage.
There is an open door here.
You hit the meliai.
The meliai is lightly wounded.
The meliai hits you.
The meliai stings you but does no damage.
You block the meliai's attack. x4; The meliai hits you but does no damage.
The meliai stings you but does no damage.
You take 3 damage, and have 84/87 hp.
You now have 11/12 mp.
You barely miss the meliai.
The meliai is lightly wounded.
You block the meliai's attack.
The meliai stings you but does no damage.
The meliai hits you but does no damage.
The meliai stings you but does no damage.
The meliai hits you but does no damage. You block the meliai's attack. x2
The meliai stings you but does no damage.
You slice the meliai!!
You kill the meliai!
No target in view!
No target in view!
No target in view!
No target in view!
No target in view!
No target in view!
No target in view!
No target in view!
No target in view!
No target in view!
No target in view!
No target in view!
No target in view!
No target in view!
No target in view!
No target in view!
There is an open door here.
A boulder beetle comes into view.
The boulder beetle moves out of view.
There is an open door here.
Health restored: 87; MP restored: 12 A boulder beetle is nearby!
The boulder beetle leaps!
No target in view!
No target in view!
An ogre mage comes into view. It is wielding a +0 halberd.
The ogre mage shouts!
The ogre mage gestures at you while chanting.
You suddenly lose the ability to move!
The boulder beetle bites you but does no damage.
The boulder beetle bites you!
You can move again.
You take 7 damage, and have 80/87 hp.
You now have 11/12 mp.
The boulder beetle attacks as it pursues you!
The boulder beetle bites you!
A demonic guardian appears!
You take 6 damage, and have 74/87 hp.
You now have 10/12 mp.
You hit the boulder beetle.
The boulder beetle is lightly wounded.
The boulder beetle bites you but does no damage.
Your smoke demon barely misses the boulder beetle.
Your smoke demon hits the boulder beetle but does no damage. x2
The ogre mage hits you from afar with a +0 halberd.
The boulder beetle leaps!
You take 5 damage, and have 69/87 hp.
You now have 9/12 mp.
The ogre mage mumbles some strange words.
The ogre mage flickers and vanishes!
Deactivating autopickup; reactivate with Ctrl-A.
You slice something!!
Your tail-slap misses something.
Something hits you!
You take 5 damage, and have 65/87 hp.
You now have 8/12 mp.
You miss something. Something hits you! Something hits you but does no damage.
You take 6 damage, and have 59/87 hp.
You slash something! Something hits you but does no damage.
You closely miss something.
Your tail-slap misses something.
The boulder beetle leaps!
Something hits you but does no damage.
You hit something.
Your tail-slap misses something.
Something hits you! The boulder beetle bites you.
You take 14 damage, and have 47/87 hp.
You now have 7/12 mp.
You hit something. You tail-slap something! You barely miss the boulder beetle.
You hear some strange, mumbled words.
Something tries to affect you, but you resist.
The boulder beetle leaps!
Something hits you!
You take 6 damage, and have 41/87 hp.
You slice something!! Something hits you but does no damage.
The boulder beetle curls into a ball and begins rolling!
You closely miss something. Something hits you!
* * * LOW HITPOINT WARNING * * *
The boulder beetle hits you!!
* * * LOW HITPOINT WARNING * * *
You focus on the pain.
You feel your power returning.
The boulder beetle stops rolling and uncurls.
You hear some strange, mumbled words.
You suddenly lose the ability to move!
The boulder beetle bites you.
* * * LOW HITPOINT WARNING * * *
Something hits you!
You die...
Ignis goes out, and joins you in death.

█.████.█..█████████████......████
..█ █.██∆█████ █........... ███
█.█..(█... █.█████.███.
.█████.█...█... █.█.........
.∆.....█...█... █.█.█████...
.███████...██.. █.█.█ ███. .█
██..██.. █.█.█ █. ██
█..███.███████.█.████████
█..█.██{@B...█.█.........
██.∆..██3....█.█.........
█.█...███...█.██........
████∆█████∆██.██........
█.........█.██........
███.......█.██........
████....█.██........
███████.██........
█.....█.██████████


You could see a boulder beetle and a friendly smoke demon (summoned).

Vanquished Creatures
  Pikel (D:5)
  A deep elf pyromancer (D:9)
  A cyclops (D:9)
  A meliai (shapeshifter) (D:9)
  A tengu conjurer (D:9)
  Sigmund (D:2)
  2 slime creatures
  A wraith (D:9)
  6 yaks (D:8)
  A vampire mosquito (D:9)
  A water moccasin (D:8)
  2 acid dragons
  2 orc warriors
  2 sky beasts (D:7)
  3 ice beasts
  A black bear (D:7)
  An ogre (D:7)
  A centaur (D:9)
  A phantom (D:6)
  A bullfrog (D:6)
  2 scorpions
  4 wights
  2 killer bees (D:8)
  A howler monkey (D:9)
  4 hounds
  6 jellies (D:8)
  6 orc priests
  A bombardier beetle (D:4)
  A gnoll bouda (D:7)
  3 iguanas
  3 orc wizards
  8 gnolls
  6 adders
  2 white imps
  2 ribbon worms
  3 dart slugs
  17 orcs
  18 endoplasms
  4 giant cockroaches
  6 goblins
  5 hobgoblins
  7 kobolds
  8 quokkas
  8 ball pythons
  5 bats
  4 frilled lizards
  7 rats
174 creatures vanquished.

Vanquished Creatures (collateral kills)
  Jeremiah (D:7)
  A slime creature (D:9)
  A steam dragon (D:8)
  An acid dragon (D:9)
  An ogre (D:7)
  A phantom (D:6)
  A howler monkey (D:9)
  A jelly (D:4)
  An orc (D:8)
  An endoplasm (D:2)
10 creatures vanquished.

Grand Total: 184 creatures vanquished

Notes
Turn   | Place    | Note
-------+----------+-------------------------------------------
     0 | D:1      | Goblin1989 the Demonspawn Cinder Acolyte began the quest
                  | for the Orb.
     0 | D:1      | Reached XP level 1. HP: 18/18 MP: 2/2
   135 | D:1      | Reached skill level 3 in Axes
   135 | D:1      | Gained mutation: You have a small tail. [demonic ancestry]
   135 | D:1      | Reached XP level 2. HP: 16/24 MP: 3/3
   785 | D:2      | Reached skill level 1 in Armour
   810 | D:2      | Noticed Sigmund
   967 | D:2      | Gained mutation: A weak demonic guardian rushes to your
                  | aid. [demonic ancestry]
   967 | D:2      | Reached XP level 3. HP: 29/29 MP: 4/4
  1019 | D:2      | Killed Sigmund
  1020 | D:2      | Reached skill level 4 in Axes
  1020 | D:2      | Reached skill level 1 in Shields
  1020 | D:2      | Gained mutation: A demonic guardian rushes to your aid.
                  | [demonic ancestry]
  1020 | D:2      | Reached XP level 4. HP: 25/37 MP: 3/5
  1020 | D:2      | Gained mutation: You sometimes gain a little power by
                  | taking damage. [demonic ancestry]
  1020 | D:2      | Reached XP level 5. HP: 29/42 MP: 3/6
  2098 | D:3      | Reached XP level 6. HP: 32/48 MP: 7/7
  3237 | D:5      | Entered Level 5 of the Dungeon
  3322 | D:5      | Found a broken altar of Ashenzari.
  3435 | D:5      | Reached skill level 5 in Axes
  3580 | D:5      | Reached XP level 7. HP: 45/55 MP: 8/8
  3707 | D:6      | Noticed Pikel
  3724 | D:5      | HP: 2/55 [poisoned by a scorpion]
  4181 | D:5      | Killed Pikel
  4182 | D:5      | Reached skill level 5 in Fighting
  4182 | D:5      | Reached skill level 6 in Axes
  4182 | D:5      | Gained mutation: You are partially covered in molten
                  | scales. (AC +2) [demonic ancestry]
  4182 | D:5      | Reached XP level 8. HP: 50/63 MP: 6/9
  4656 | D:7      | Reached skill level 7 in Axes
  4866 | D:7      | Found a runed translucent door.
  4867 | D:7      | Noticed Crazy Yiuf
  5070 | D:7      | Gained mutation: You have a tail ending in a sharp stinger.
                  | [demonic ancestry]
  5070 | D:7      | Reached XP level 9. HP: 66/69 MP: 8/10
  5369 | D:7      | Found a staircase to the Ecumenical Temple.
  5422 | D:7      | Noticed Jeremiah
  5490 | D:7      | Killed Jeremiah
  5491 | D:7      | Reached skill level 8 in Axes
  5491 | D:7      | Reached skill level 5 in Armour
  5753 | D:7      | Found a shadowy altar of Dithmenos.
  5753 | D:7      | Found an opulent altar of Gozag.
  6040 | D:8      | Reached skill level 5 in Shields
  6041 | D:8      | Reached skill level 10 in Axes
  6041 | D:8      | Reached XP level 10. HP: 65/77 MP: 7/11
  6043 | D:8      | Gained mutation: You have a pair of small antennae on your
                  | head. [potion of mutation]
  6043 | D:8      | Gained mutation: You possess an exceptional clarity of
                  | mind. [potion of mutation]
  6130 | D:7      | Identified a scroll of acquirement
  6136 | D:7      | Acquired a +1 heavy broad axe
  6833 | D:8      | Reached skill level 1 in Evocations
  6975 | D:8      | Found a radiant altar of Vehumet.
  7100 | D:9      | Noticed a wolf spider
  7100 | D:9      | Noticed a black mamba
  7100 | D:9      | Noticed a black mamba
  7100 | D:9      | Noticed a wolf spider
  7100 | D:9      | Noticed a wolf spider
  7100 | D:9      | Noticed a black mamba
  7100 | D:9      | Noticed a wolf spider
  7101 | D:9      | Noticed a wolf spider
  7236 | D:9      | Found a runed translucent gate.
  7237 | D:9      | Found a runed translucent door.
  7237 | D:9      | Found a runed translucent gate.
  7242 | D:9      | Found the +9 staff of Olgreb {rPois∞}
  7245 | D:9      | Found a runed translucent door.
  7268 | D:9      | Noticed a wolf spider
  7268 | D:9      | Noticed a wolf spider
  7268 | D:9      | Noticed a wolf spider
  7269 | D:9      | Noticed a wolf spider
  7270 | D:9      | Found a runed translucent gate.
  7290 | D:9      | Found a transporter.
  7294 | D:9      | Found a transporter.
  7298 | D:9      | Noticed Shym's ghost (journeyman MfSu)
  7330 | D:9      | Noticed a cyclops
  7520 | D:9      | Reached XP level 11. HP: 70/87 MP: 10/12
  8073 | D:9      | Noticed a deep elf pyromancer
  8083 | D:9      | Killed a deep elf pyromancer
  8084 | D:9      | Reached skill level 11 in Axes
  8266 | D:9      | Noticed a boulder beetle
  8270 | D:9      | Noticed an ogre mage
  8270 | D:9      | Paralysed by an ogre mage for 4 turns
  8285 | D:9      | HP: 2/87 [boulder beetle (27)]
  8285 | D:9      | Paralysed by something for 5 turns
  8286 | D:9      | Slain by an ogre mage

Illustrated notes

Levels and vault maps discovered:
D:1:      psy_arrival_dodecagon, layout_basic, kennysheep_nondescript
D:2:      wad_woods_tower, layout_basic, uniq_sigmund
D:3:      layout_loops_ring, minmay_randomly_rotated_circles
D:4:      layout_loops_cross
D:5:      layout_basic, mainiacjoe_overflow_boulevard,
          minmay_a_box_with_orc_wizards_in_it
D:6:      layout_basic, chequers_serial_rivers_room_b, uniq_pikel
D:7:      layout_cave_pods, gammafunk_temple_overflow_statue, temple_green,
          eino_tiny_chamber, uniq_jeremiah, uniq_crazy_yiuf_cottage
D:8:      lemuel_slime, layout_basic, mainiacjoe_overflow_brackets
D:9:      minmay_sliced_demisemicircle, layout_basic, serial_curves,
          eino_curves_01, eino_curves_04, gammafunk_ghost_arena,
          minmay_guarded_unrand_staff_of_olgreb

Skill      XL: |  1  2  3  4  5  6  7  8  9 10 11 |
---------------+----------------------------------+-----
Axes           | 3 4 5 6 7 10 11 | 11.1
Armour         | 1 2 3 4 6 7 |  7.4
Shields        | 1 2 3 4 6 7 |  7.3
Fighting       | 4 5 6 8 |  8.9
Evocations     | 1 2 |  2.0
Spellcasting   | |  1.0
Fire Magic     | |  2.6

Action                     |  1- 3 |  4- 6 |  7- 9 | 10-12 || total
---------------------------+-------+-------+-------+-------++-------
  Melee: Hand axe          |    54 |   127 |   186 |    13 ||   380
         Tailslap          |     5 |    18 |    29 |    14 ||    66
         Broad axe         |       |       |       |   113 ||   113
    Use: Potion            |       |       |     2 |     3 ||     5
         Scroll            |       |       |       |    12 ||    12
 Armour: Scale mail        |    53 |    64 |       |       ||   117
         Plate armour      |       |    22 |   173 |   149 ||   344
  Dodge: Dodged            |     8 |     9 |     5 |     7 ||    29
  Block: Tower shield      |    15 |    65 |   100 |   110 ||   290

Table legend: (Time is in decaauts)
 A = Elapsed time spent in this place.
 B = Non-inter-level travel time spent in this place.
 C = Inter-level travel time spent in this place.
 D = Time resting spent in this place.
 E = Time spent auto-exploring this place.
 F = Levels seen in this place.
 G = Mean time per level.
                   A        B        C        D        E       F      G
               +--------+--------+--------+--------+--------+-----+--------+
         Total |   8531 |   8103 |    428 |   1201 |   5405 |   9 |  947.9 |
       Dungeon |   8531 |   8103 |    428 |   1201 |   5405 |   9 |  947.9 |
               +--------+--------+--------+--------+--------+-----+--------+

Top non-repeatable levels by time:
     D:7: 1503 daAuts
     D:8: 1250 daAuts
     D:9: 1175 daAuts
     D:2: 986 daAuts
     D:1: 870 daAuts
     D:3: 805 daAuts
     D:5: 803 daAuts
     D:4: 647 daAuts
     D:6: 488 daAuts
